 Dungeon Crawl Stone Soup version 0.10.4 character file.

19315 Froggeryz the Gouger (level 12, 0/58 HPs)
             Began as a Felid Berserker on Mar 23, 2022.
             Was the Champion of Trog.
             Slain by an orc wizard
             ... wielding a cursed -1,+1 orcish dagger
              (6 damage)
             ... on Level 11 of the Dungeon on Mar 26, 2022.
             The game lasted 00:50:38 (20574 turns).

Froggeryz the Gouger (Felid Berserker)             Turns: 20574, Time: 00:50:38

HP   0/58        AC  3     Str 15      XL: 12   Next: 26%
MP  18/18        EV 27     Int  8      God: Trog [******]
Gold 628         SH  0     Dex 19      Spells:  0 memorised, 11 levels left
Lives: 0, deaths: 3

Res.Fire  : . . .   See Invis. : +     - Unarmed
Res.Cold  : + . .   Warding    : . . (armour unavailable)
Life Prot.: . . .   Conserve   : .   (shield unavailable)
Res.Acid. : + . .   Res.Corr.  : +   (helmet unavailable)
Res.Poison: +       Clarity    : .   (cloak unavailable)
Res.Elec. : .       Spirit.Shd : .   (gloves unavailable)
Sust.Abil.: . .     Stasis     : .   (boots unavailable)
Res.Mut.  : .       Ctrl.Telep.: .   c - amulet of resist corrosion
Res.Rott. : .       Levitation : .   D - ring of regeneration
Saprovore : . . .   Ctrl.Flight: .   e - ring of poison resistance

@: quick, quite resistant to hostile enchantments, fairly stealthy
A: paw claws, no armour, no advanced items, fangs 3, see invisible, carnivore 3,
speed 1, slow metabolism 2, AC +3
a: Burn Spellbooks, Berserk, Trog's Hand, Brothers in Arms, Renounce Religion


You were on level 11 of the Dungeon.
You worshipped Trog.
Trog was exalted by your worship.
You were completely stuffed.

You visited 6 branches of the dungeon, and saw 21 of its levels.

You collected 908 gold pieces.
You spent 300 gold pieces at shops.

Inventory:

Comestibles
 a - 8 meat rations
 C - 3 sausages
 F - a slice of pizza
 H - 2 chunks of yak flesh
Scrolls
 f - 7 scrolls of teleportation
 l - 3 scrolls of detect curse
 m - 10 scrolls of remove curse
 n - a scroll of immolation
 z - a scroll of blinking
 B - a scroll of magic mapping {unknown}
Jewellery
 c - an amulet of resist corrosion (around neck)
 e - a ring of poison resistance (left paw)
 u - an uncursed ring of fire {unknown}
 y - an uncursed ring of sustenance
 D - a ring of regeneration (right paw)
Potions
 b - 2 potions of restore abilities
 d - a potion of levitation
 g - 5 potions of brilliance
 i - a potion of might
 j - 6 potions of heal wounds
 k - 6 potions of agility {unknown}
 q - a potion of invisibility
 r - a potion of berserk rage
 t - a potion of speed {unknown}
 w - 5 potions of slowing {unknown}
 x - a potion of magic
 A - 4 potions of curing
 E - 5 potions of paralysis {unknown}
 I - 3 potions of water {unknown}
Books
 p - a book of Hinderance

   Spells                             Type                      Level
   Confusing Touch                    Hexes                        1
   Slow                               Hexes                        2
   Confuse                            Hexes                        3
   Petrify                            Transmutation/Earth          4
   Leda's Liquefaction                Transmutation/Earth          4
   Metabolic Englaciation             Hexes/Ice                    6
   Trog disapproves of the use of such an item.
Miscellaneous
 s - a bottled efreet


   Skills:
 * Level 12.2 Fighting
 - Level 10.0 Dodging
 - Level 7.1 Traps & Doors
 + Level 14.7 Unarmed Combat


You had 11 spell levels left.
You didn't know any spells.

Dungeon Overview and Level Annotations

Branches:
Dungeon (11/27)            Temple (1/1) D:5             Orc (1/4) D:11
   Lair (6/8) D:10         Shoals (1/5) Lair:4        Slime (0/6) Lair:6
  Snake (1/5) Lair:6

Altars:
Ashenzari
Elyvilon
Nemelex Xobeh
Sif Muna
The Shining One
Trog
Vehumet
Xom
Zin
Jiyva

Shops:
D:4: = D:9: /


Innate Abilities, Weirdness & Mutations

You cannot wear armour.
You are incapable of any advanced item manipulation.
Your paws have sharp claws.
You have razor-sharp teeth.
You have supernaturally acute eyesight.
You are carnivorous and can eat meat at any time.
You cover ground quickly.
Your thick and shaggy fur keeps you warm (AC +3, rC+).
You have a slow metabolism.


Message History

There is a staircase back to the Dungeon, spattered with blood here.
The orc warrior completely misses you.
The orc priest calls down the wrath of Beogh upon you.
Something smites you!
* * * LOW HITPOINT WARNING * * *
The orc wizard barely misses you.
You climb upwards.
Welcome back to the Dungeon!
There is a staircase to the Orcish Mines here.
You scratch the orc priest but do no damage.
You claw the orc priest!
The orc priest begins to bleed from its wounds!
The orc priest is heavily wounded.
The orc priest closely misses you.
The orc wizard mumbles some strange words.
The orc wizard seems to speed up.
You claw the orc priest!
You kill the orc priest!
Trog accepts your kill.
The orc wizard hits you with an orcish dagger.
You die...

#........##...#####.##
#########################........
..........[.....#...≈.# ###...###
..............[.#....≈# #......
....##.)..............### #..(...
.......)..............#?# #......
.)..............%...#.#.# #.#####
....(............o..#.#)# #.# #
...............)@...#.'!# #.#####
######################### #....##
#....## #....## #...... ##.....
#..... #..... ######


You could see an orc wizard.

Vanquished Creatures
  Josephine (D:11)
  A hydra (Lair:2)
  A catoblepas (Lair:6)
  Pikel (D:7)
  The ghost of feta the Shield-Bearer, an experienced HOFi (D:6)
  A hill giant (D:10)
  A griffon (Lair:6)
  A cyclops (Shoals:1)
  2 hydra skeletons (D:11)
  A wolf spider (D:11)
  3 feature mimics
  6 black mambas
  4 spiny frogs
  A hill giant zombie (D:11)
  2 trolls
  A komodo dragon (Lair:5)
  5 blink frogs
  2 basilisks
  A grizzly bear (Lair:5)
  7 yaks (D:11)
  Eustachio (D:7)
  A merfolk (Shoals:1)
  A steam dragon (D:11)
  2 hippogriffs
  15 war dogs
  A manticore (D:9)
  A necrophage (D:8)
  4 slaves (D:7)
  A soldier ant (D:11)
  6 orc warriors
  A swamp drake (D:11)
  A sky beast (D:6)
  5 phantoms
  2 ice beasts
  8 ogres
  2 giant slugs
  2 crocodiles
  A wolf (Lair:1)
  3 centaurs
  10 giant frogs
  A yellow wasp zombie (D:11)
  A giant frog skeleton (D:11)
  A water moccasin zombie (D:5)
  Blork the orc (D:5)
  6 agate snails
  10 water moccasins
  A basilisk skeleton (D:11)
  A lava fish (Lair:6)
  20 killer bees
  A goliath beetle (D:8)
  5 crimson imps
  A big kobold zombie (D:11)
  10 hounds
  4 lava snakes (Lair:6)
  10 orc priests
  A shadow (D:11)
  9 orc wizards
  A hound zombie (D:8)
  7 worker ants
  A hound skeleton (D:11)
  4 porcupines
  A scorpion (D:6)
  6 iguanas
  17 sheep
  8 jellies
  Ijyb (D:6)
  2 goliath beetle zombies
  25 adders
  2 giant centipedes
  3 gnolls (D:6)
  An adder skeleton (D:4)
  40 green rats
  3 giant mites
  6 worms
  A bat skeleton (D:11)
  A giant eyeball (D:1)
  13 giant geckos
  2 oozes (D:2)
  31 orcs
  3 ball pythons
  34 bats
  8 giant cockroaches
  27 hobgoblins
  9 jackals
  9 quokkas
  A giant gecko zombie (D:5)
  9 giant newts
  13 goblins
  21 kobolds
  A kobold skeleton (D:9)
  An orc skeleton (D:11)
  An orc zombie (D:7)
  31 rats
  A rat zombie (D:5)
  2 fungi (Lair:6)
  A plant (Lair:5)
  3 toadstools
545 creatures vanquished.

Vanquished Creatures (others)
  2 orcs
  A giant newt (D:1)
  A kobold (D:6)
  3 toadstools
7 creatures vanquished.

Grand Total: 552 creatures vanquished

Notes
Turn   | Place    | Note
--------------------------------------------------------------
     0 | D:1      | Froggeryz, the Felid Berserker, began the quest for the Orb.
     0 | D:1      | Reached XP level 1. HP: 10/10 MP: 1/1
   408 | D:1      | Reached XP level 2. HP: 12/14 MP: 2/2
  1332 | D:1      | Noticed a giant eyeball
  1340 | D:1      | Paralysed by a giant eyeball for 2 turns
  1343 | D:1      | Killed a giant eyeball
  1564 | D:1      | Reached XP level 3. HP: 15/18 MP: 4/4
  1841 | D:2      | Acquired Trog's second power
  1896 | D:2      | Found a radiant altar of Vehumet.
  2424 | D:3      | Reached XP level 4. HP: 21/21 MP: 6/6
  2508 | D:3      | Found a white marble altar of Elyvilon.
  2978 | D:3      | Reached skill level 1 in Traps & Doors
  3122 | D:3      | Found a sparkling altar of Nemelex Xobeh.
  3674 | D:4      | Reached skill level 5 in Unarmed Combat
  3674 | D:4      | Reached XP level 5. HP: 25/25 MP: 7/7
  3699 | D:4      | Found a shattered altar of Ashenzari.
  3877 | D:4      | Found Pleipula's Jewellery Emporium.
  4193 | D:5      | Entered Level 5 of the Dungeon
  4408 | D:5      | Gained mutation: You are covered in thick fur (AC +2).
  4408 | D:5      | Reached XP level 6. HP: 14/28 MP: 9/9
  4599 | D:5      | Acquired Trog's third power
  4876 | D:5      | Reached skill level 6 in Unarmed Combat
  5212 | D:5      | Found a staircase to the Ecumenical Temple.
  5220 | D:5      | Noticed Blork the orc
  5228 | D:5      | Killed Blork the orc
  5319 | D:5      | Reached XP level 7. HP: 17/32 MP: 11/11
  6155 | D:6      | Noticed Ijyb
  6162 | D:6      | Killed Ijyb
  6221 | D:6      | Found a glowing golden altar of the Shining One.
  6260 | D:6      | Noticed feta's ghost (experienced HOFi)
  6288 | D:6      | Killed feta's ghost
  6288 | D:6      | Reached skill level 5 in Traps & Doors
  6288 | D:6      | Reached skill level 7 in Unarmed Combat
  6288 | D:6      | Reached XP level 8. HP: 36/36 MP: 12/12
  6435 | D:6      | Reached skill level 8 in Unarmed Combat
  7115 | Temple   | Entered the Ecumenical Temple
  7202 | D:7      | Noticed Eustachio
  7223 | D:7      | Killed Eustachio
  7427 | D:7      | HP: 1/36 [phantom (7)]
  7429 | D:7      | Slain by a phantom
  7430 | D:7      | Reached XP level 7. HP: 0/32 MP: 11/11
  7497 | D:7      | Found a glowing silver altar of Zin.
  8030 | D:7      | Reached XP level 8. HP: 19/36 MP: 12/12
  8148 | D:7      | Found a bloodstained altar of Trog.
  8384 | D:7      | Reached skill level 9 in Unarmed Combat
  8451 | D:7      | Found a deep blue altar of Sif Muna.
  8524 | D:7      | Noticed Pikel
  8540 | D:7      | HP: 2/54 [Pikel/whip of flaming (3)]
  8541 | D:7      | Killed Pikel
  8541 | D:7      | Reached skill level 5 in Dodging
  8546 | D:7      | Your ally freed slave died
  8548 | D:7      | Slain by a freed slave
  8549 | D:7      | Reached XP level 7. HP: -3/32 MP: 11/11
  8595 | D:7      | Your ally freed slave died
  8632 | D:7      | Your ally freed slave died
  8654 | D:7      | Your ally freed slave died
  8745 | D:7      | Reached XP level 8. HP: 29/36 MP: 12/12
  9446 | D:8      | Reached skill level 10 in Unarmed Combat
  9461 | D:8      | Got a droning book
  9848 | D:8      | Found a viscous altar of Jiyva.
 10036 | D:8      | Reached XP level 9. HP: 28/39 MP: 14/14
 10282 | D:8      | Found a glowing golden altar of the Shining One.
 10729 | D:9      | Found a shimmering altar of Xom.
 10732 | D:9      | Found a shimmering altar of Xom.
 10732 | D:9      | Found a shimmering altar of Xom.
 10744 | D:9      | Found a shimmering altar of Xom.
 10745 | D:9      | Found a shimmering altar of Xom.
 10745 | D:9      | Found a shimmering altar of Xom.
 10808 | D:9      | Reached skill level 11 in Unarmed Combat
 10821 | D:9      | Found Likhim's Magical Wand Boutique.
 11417 | D:4      | Bought an uncursed ring of regeneration for 300 gold pieces
 12116 | D:10     | Entered Level 10 of the Dungeon
 12301 | D:10     | Reached XP level 10. HP: 36/43 MP: 16/16
 12559 | D:10     | Reached skill level 12 in Unarmed Combat
 12677 | D:10     | Found a staircase to the Lair.
 12783 | Lair:1   | Entered Level 1 of the Lair of Beasts
 13614 | Lair:1   | Reached skill level 10 in Dodging
 14032 | Lair:2   | Reached skill level 5 in Fighting
 14044 | Lair:2   | Slain by a black mamba
 14045 | Lair:2   | Reached XP level 9. HP: -5/60 MP: 14/14
 14186 | Lair:2   | Reached skill level 13 in Unarmed Combat
 14186 | Lair:2   | Reached XP level 10. HP: 45/45 MP: 16/16
 16229 | Lair:4   | Reached XP level 11. HP: 34/50 MP: 17/17
 16346 | Lair:4   | Found a staircase to the Shoals.
 16512 | Shoals:1 | Entered Level 1 of the Shoals
 17437 | Lair:5   | Reached skill level 14 in Unarmed Combat
 17449 | Lair:5   | Reached skill level 10 in Fighting
 17987 | Lair:6   | Found a staircase to the Snake Pit.
 18002 | Snake:1  | Entered Level 1 of the Snake Pit
 18045 | Lair:6   | Found a staircase to the Slime Pits.
 18046 | Lair:6   | Found a viscous altar of Jiyva.
 19342 | D:11     | Noticed Josephine
 19342 | D:11     | Noticed an eight-headed hydra skeleton
 19342 | D:11     | Noticed a giant frog skeleton
 19342 | D:11     | Noticed a five-headed hydra skeleton
 19351 | D:11     | Killed a one-headed hydra skeleton
 19359 | D:11     | Killed Josephine
 19359 | D:11     | Gained mutation: Your thick and shaggy fur keeps you warm (AC +3, rC+).
 19359 | D:11     | Reached XP level 12. HP: 19/57 MP: 18/18
 19525 | D:11     | Killed a giant frog skeleton
 19557 | D:11     | Killed a three-headed hydra skeleton
 20333 | D:11     | Found a staircase to the Orcish Mines.
 20562 | Orc:1    | Entered Level 1 of the Orcish Mines
 20574 | D:11     | Slain by an orc wizard
